 Dungeon Crawl Stone Soup version bcrawl-1.12-5-g74a5124548 (webtiles) character file.

Game seed: 421624522264742503

1613 HAL9000 the Slicer (level 8, -8/46 HPs)
             Began as a Dusk Walker Rogue on May 31, 2019.
             Was an Initiate of Dithmenos.
             Mangled by a wight
             ... wielding a +2 trident
              (11 damage)
             ... on level 6 of the Dungeon.
             The game lasted 00:13:08 (7756 turns).

HAL9000 the Slicer (Dusk Walker Rogue)              Turns: 7756, Time: 00:13:08

Health: -8/46      AC:  5    Str: 15    XL:     8   Next: 64%
Magic:  9/9        EV: 14    Int: 11    God:    Dithmenos [......]
Gold:   318        SH:  5    Dex: 14    Spells: 7/7 levels left

rFire    . . .     SeeInvis .   A - +1 scimitar
rCold    . . .     Gourm    .   u - +0 buckler
rNeg     . . .     Faith    .   z - +0 leather armour
rPois    .         Spirit   .   (no helmet)
rElec    .         Reflect  .   d - +0 cloak
rCorr    .         Harm     .   (no gloves)
MR       +....                  k - +0 pair of boots
Stlth    ++++......             q - amulet of rage
HPRegen  0.15/turn              t - +4 ring of evasion
MPRegen  0.11/turn              (no ring)

@: heavily drained
A: draining touch, unencumbered stealth, fangs 3, nightstalker 1
a: Renounce Religion, Evoke Berserk Rage


You were on level 6 of the Dungeon.
You worshipped Dithmenos.
Dithmenos was noncommittal.
You were not hungry.

You visited 1 branch of the dungeon, and saw 6 of its levels.

You collected 318 gold pieces.

Inventory:

Hand Weapons
 a - a +2 dagger
 b - a +0 blowgun
 i - a +0 short sword of venom
 A - a +1 scimitar (weapon)
Missiles
 e - 253 poisoned needles (quivered)
Armour
 d - a +0 cloak (worn)
 k - a +0 pair of boots (worn)
 u - a +0 buckler (worn)
 z - a +0 leather armour (worn)
Jewellery
 q - an amulet of rage (around neck)
 t - a +4 ring of evasion (left hand)
Wands
 f - a wand of flame (15)
 g - a wand of enslavement (15)
 w - a wand of acid (4)
 x - a wand of random effects (8)
 F - a wand of clouds (6)
Scrolls
 c - a scroll of amnesia {unknown}
 j - a scroll of fog {unknown}
 p - 3 scrolls of remove curse
 s - 2 scrolls of enchant armour {unknown}
 v - a scroll of blinking {unknown}
 y - 3 scrolls of teleportation {unknown}
 C - 2 scrolls of magic mapping {unknown}
 E - a scroll of identify
Potions
 l - a potion of degeneration {unknown}
 m - 4 potions of curing
 n - 3 potions of flight
 o - 3 potions of haste
 r - 2 potions of cancellation
 B - a potion of lignification {unknown}
Comestibles
 h - 15 rations {!d}


   Skills:
 - Level 10.2(7.8) Short Blades
 - Level 1.5(0.0) Throwing
 + Level 5.8(3.7) Armour
 - Level 6.4(4.2) Stealth
 - Level 4.2(2.2) Shields
 - Level 2.0(0.0) Evocations


You had 7 spell levels left.
You didn't know any spells.
Your spell library was empty.

Dungeon Overview and Level Annotations

Branches:
Dungeon (6/12)             Temple (0/1) D:5

Altars:
Dithmenos
Makhleb
Okawaru
Qazlal
Ru
Wu Jian

Shops:
D:4 =   D:6 }

Annotations:
D:4 3 runed translucent doors, vev's ghost, amateur DWAc


Innate Abilities, Weirdness & Mutations

Your attacks drain your enemies.
You move stealthily even while encumbered by armour.
You have razor-sharp teeth.
You are slightly more attuned to the shadows.


Message History

The wight hits you with a +2 trident.
You feel drained.
You hit the wight but do no damage. You bite the wight, but do no damage.
You block the wight's attack.
You hit the wight but do no damage. You block the wight's attack.
You hit the wight. Your bite misses the wight.
The wight is lightly damaged.
The wight hits you with a +2 trident!
You hit the wight. You bite the wight, but do no damage.
The wight is heavily damaged.
The wight completely misses you.
You hit the wight.
The wight is heavily damaged.
The wight closely misses you. The wight hits you with a +2 trident!
* * * LOW HITPOINT WARNING * * *
You feel drained.
* * * LOW HITPOINT WARNING * * *
You closely miss the wight.
The wight is heavily damaged.
The wight hits you with a +2 trident!
You die...

.........#......#.......[.#
#.##.##..#......######....#
#.##.##..#......#..###....#
..z..#...#......+.........#
.....#...#......#.........#
#....#####......#+####'####
#....##..#......#..##.....#
......#..#.....z#.........#
......#..#......@)........#
......#..#......#..########
......#..#......#..##.....#
#######..#......#...#.....#
##..###..#......#.........#
#...'....'......#..#..#'###
#...#....#...[..#######...#
##########......# #....#
##.###...#......# #....#


You could see a wight.

Vanquished Creatures
  Sigmund (D:2)
  A water moccasin (D:4)
  A sky beast (D:6)
  A black bear (D:6)
  3 ogres
  A centaur (D:5)
  A bullfrog (D:5)
  3 wights (D:6)
  2 howler monkeys
  4 crimson imps
  A hound (D:3)
  2 centaur skeletons (D:4)
  A jelly (D:5)
  A bullfrog skeleton (D:4)
  An iguana (D:5)
  A worker ant (D:5)
  An orc wizard (D:3)
  A hound skeleton (D:4)
  A howler monkey zombie (D:6)
  7 adders
  2 shadow imps
  An ooze (D:1)
  An adder zombie (D:3)
  4 worms
  3 leopard geckos
  7 orcs
  5 bats
  4 giant cockroaches
  5 goblins
  11 hobgoblins
  7 jackals
  9 kobolds
  5 quokkas
  2 ball pythons (D:1)
  6 frilled lizards
  A jackal skeleton (D:4)
  7 rats
  A plant (D:1)
116 creatures vanquished.

Notes
Turn   | Place    | Note
-------+----------+-------------------------------------------
     0 | D:1      | HAL9000 the Dusk Walker Rogue began the quest for the Orb.
     0 | D:1      | Reached XP level 1. HP: 11/11 MP: 2/2
   110 | D:1      | Reached skill level 3 in Short Blades
   232 | D:1      | Reached XP level 2. HP: 17/17 MP: 3/3
   362 | D:1      | Reached skill level 4 in Short Blades
   841 | D:1      | Reached XP level 3. HP: 21/21 MP: 4/4
  1316 | D:2      | Found a stormy altar of Qazlal.
  1490 | D:2      | Reached skill level 5 in Short Blades
  1753 | D:2      | Noticed Sigmund
  1771 | D:2      | Killed Sigmund
  1771 | D:2      | Reached skill level 7 in Short Blades
  1771 | D:2      | Gained mutation: You are slightly more attuned to the
                  | shadows. [Dusk Walker growth]
  1771 | D:2      | Reached XP level 4. HP: 13/27 MP: 5/5
  1771 | D:2      | Reached XP level 5. HP: 15/31 MP: 6/6
  2437 | D:3      | Reached XP level 6. HP: 36/36 MP: 7/7
  2665 | D:3      | Found a sacrificial altar of Ru.
  2669 | D:3      | Reached skill level 8 in Short Blades
  3474 | D:4      | Found a shadowy altar of Dithmenos.
  3544 | D:4      | Became a worshipper of Dithmenos the Shadowed
  3658 | D:4      | Reached skill level 9 in Short Blades
  3683 | D:4      | Reached XP level 7. HP: 17/41 MP: 8/8
  4142 | D:4      | Found a runed translucent gate.
  4142 | D:4      | Found a runed translucent gate.
  4142 | D:4      | Found a runed translucent gate.
  4147 | D:4      | Noticed vev's ghost (amateur DWAc)
  4182 | D:4      | Found Myghom's Jewellery Emporium.
  4418 | D:4      | Reached skill level 10 in Short Blades
  4535 | D:4      | Reached skill level 1 in Shields
  4963 | D:4      | Found a burning altar of Makhleb.
  4975 | D:4      | Found an ornate altar of the Wu Jian Council.
  5009 | D:5      | Entered Level 5 of the Dungeon
  5214 | D:5      | Gained mutation: You have razor-sharp teeth. [Dusk Walker
                  | growth]
  5214 | D:5      | Reached XP level 8. HP: 22/46 MP: 9/9
  5754 | D:5      | Reached skill level 1 in Armour
  5762 | D:5      | Found a staircase to the Ecumenical Temple.
  6559 | D:6      | Found Taibb's Gadget Emporium.
  7119 | D:6      | Reached skill level 5 in Armour
  7671 | D:6      | Found an iron altar of Okawaru.
  7756 | D:6      | Mangled by a wight

Skill      XL: |  1  2  3  4  5  6  7  8 |
---------------+-------------------------+-----
Short Blades   | 3 4 7 9 10 | 10.2
Shields        | 3 4 |  4.2
Armour         | 5 |  5.8
Throwing       | |  1.5
Stealth        | |  6.4
Evocations     | |  2.0

Action                   |  1- 3 |  4- 6 |  7- 9 || total
-------------------------+-------+-------+-------++-------
Melee: Dagger            |   189 |   157 |   163 ||   509
       Bite              |    24 |    17 |    24 ||    65
       Scimitar          |       |       |    12 ||    12
       Short sword       |       |       |     2 ||     2
 Fire: Blowgun           |       |       |     3 ||     3
 Abil: Evoke Berserk Rag |     1 |       |       ||     1
Evoke: Wand              |       |       |     1 ||     1
  Use: Scroll            |       |     4 |     2 ||     6
 Stab: Sleeping          |    14 |     9 |    13 ||    36
       Paralysed         |       |     1 |       ||     1
  Eat: Chunk             |     3 |     6 |     6 ||    15
       Ration            |       |       |     2 ||     2
Armor: Robe              |    17 |    23 |     7 ||    47
       Leather armour    |       |       |    13 ||    13
Dodge: Dodged            |    50 |    62 |    57 ||   169
Block: Buckler           |       |       |    16 ||    16
